 Dungeon Crawl Stone Soup version 0.30-a0-354-g6b83867211 (webtiles) character file.

Game seed: 16561656574796234266

62 Sweetruy1997 the Chopper (level 4, -1/41 HPs)
             Began as a Hill Orc Monk on Nov 8, 2022.
             Slain by Natasha (6 damage)
             ... on level 2 of the Dungeon.
             The game lasted 00:02:48 (1436 turns).

Sweetruy1997 the Chopper (Hill Orc Monk)            Turns: 1436, Time: 00:02:49

Health: -1/41      AC:  2    Str: 13    XL:     4   Next: 8%
Magic:  4/4        EV: 13    Int: 10    God:
Gold:   104        SH:  0    Dex: 15    Spells: 3/3 levels left

rFire   . . .      SeeInvis .    a - +0 hand axe
rCold   . . .      Faith    .    (no shield)
rNeg    . . .      Spirit   .    b - +0 robe
rPois   .          Reflect  .    (no helmet)
rElec   .          Harm     .    (no cloak)
rCorr   .          Rampage  .    (no gloves)
Will    .....                    (no boots)
Stlth   ++........               (no amulet)
HPRegen 0.26/turn                (no ring)
MPRegen 0.09/turn                (no ring)

@: hasted, very quick
A: no striking features
a: no special abilities


You were on level 2 of the Dungeon.
You visited 1 branch of the dungeon, and saw 2 of its levels.

You collected 104 gold pieces.

Inventory:

Hand Weapons
 a - a +0 hand axe (weapon)
Armour
 b - a +0 robe (worn)
Scrolls
 f - a scroll of vulnerability {unknown}
 g - a scroll of identify {unknown}


   Skills:
 + Level 4.5 Fighting
 + Level 4.8 Axes
 - Level 3.0 Dodging
 + Level 1.6 Stealth


You had 3 spell levels left.
You didn't know any spells.
Your spell library was empty.

Dungeon Overview and Level Annotations

Branches:
Dungeon (2/15)

Altars:

Annotations:
D:2 Natasha


Message History

You hit Natasha but do no damage.
Natasha is moderately wounded.
You completely miss the white imp. The white imp gestures at you.
The puff of frost hits you.
You hit Natasha.
Natasha is severely wounded.
You hit the white imp.
Natasha mumbles some strange words.
You feel disoriented. Natasha claws you.
You completely miss Natasha.
Natasha is severely wounded.
You hit the white imp but do no damage.
The white imp disappears in a puff of smoke!
The white imp laughs crazily.
The white imp gestures at you. The puff of frost misses you.
Natasha barely misses you.
You miss Natasha.
Natasha is severely wounded.
You hit the white imp. The white imp gestures at you.
The puff of frost hits you!
* * * LOW HITPOINT WARNING * * *
You closely miss Natasha.
Natasha is severely wounded.
You hit the white imp but do no damage. Natasha barely misses you.
You barely miss Natasha.
Natasha is severely wounded.
You hit the white imp.
The white imp disappears in a puff of smoke!
Natasha claws you.
* * * LOW HITPOINT WARNING * * *
Unknown command.
You hit Natasha.
Natasha is severely wounded.
You hit Natasha.
Natasha is almost dead.
Natasha claws you.
You die...

.........## ##+# .
#.......... ...## ..
#........# #...# ..
#..(.....# #...#
..##........# #...#
#...........####...#####
#..............#.?......
...............#@.......
.....###<###...§h.......
.....# #.####...........
.....###................
...##....###.................
..
...##........................
#.
....#.......................
#.
###.##....................#
#.
............#.............#..
##.


You could see Natasha.

Vanquished Creatures
  Natasha (D:2)
  An adder (D:2)
  6 endoplasms
  A giant cockroach (D:1)
  4 goblins (D:1)
  4 hobgoblins (D:1)
  A kobold (D:1)
  3 ball pythons
  3 frilled lizards (D:1)
  2 rats
26 creatures vanquished.

Vanquished Creatures (others)
  5 plants (D:1)
5 creatures vanquished.

Grand Total: 31 creatures vanquished

Notes
Turn   | Place    | Note
-------+----------+-------------------------------------------
     0 | D:1      | Sweetruy1997 the Hill Orc Monk began the quest for the Orb.
     0 | D:1      | Reached XP level 1. HP: 19/19 MP: 1/1
    52 | D:1      | Reached XP level 2. HP: 15/27 MP: 2/2
   868 | D:1      | Reached XP level 3. HP: 27/33 MP: 3/3
  1057 | D:1      | You fall into a shaft and drop 1 floor!
  1131 | D:2      | HP: 1/33 [poisoned by an adder]
  1390 | D:2      | Noticed Natasha
  1402 | D:2      | Killed Natasha
  1403 | D:2      | Reached XP level 4. HP: 15/41 MP: 4/4
  1412 | D:2      | Noticed Natasha
  1436 | D:2      | Slain by Natasha

Illustrated notes

Levels and vault maps discovered:
D:1:      tarquinn_simple_flora_water_b, layout_loops_ring, serial_forest,
          infiniplex_forest_clump_curved, infiniplex_forest_pool,
          infiniplex_forest_clump_curved, infiniplex_forest_clump_large,
          infiniplex_forest_end_1, infiniplex_forest_clump_large,
          infiniplex_forest_straight_4, infiniplex_forest_straight_2,
          infiniplex_forest_clump_curved, nrook_campfire
D:2:      layout_basic, mrwooster_statue_mirror, uniq_jessica, uniq_natasha

Skill      XL: |  1  2  3 |
---------------+----------+-----
Fighting       | 4 |  4.5
Dodging        | 3 |  3.0
Axes           | |  4.8
Stealth        | |  1.6

Action                   |  1- 3 |  4- 6 || total
-------------------------+-------+-------++-------
Melee: Hand axe          |   105 |    14 ||   119
       Punch             |     1 |       ||     1
  Use: Potion            |     2 |     2 ||     4
 Stab: Sleeping          |     1 |       ||     1
Armor: Robe              |     8 |     3 ||    11
Dodge: Dodged            |    59 |    15 ||    74

Table legend: (Time is in decaauts)
 A = Elapsed time spent in this place.
 B = Non-inter-level travel time spent in this place.
 C = Inter-level travel time spent in this place.
 D = Time resting spent in this place.
 E = Time spent auto-exploring this place.
 F = Levels seen in this place.
 G = Mean time per level.
                   A        B        C        D        E       F      G
               +--------+--------+--------+--------+--------+-----+--------+
         Total |   1423 |   1406 |     17 |     42 |   1063 |   2 |  711.5 |
       Dungeon |   1423 |   1406 |     17 |     42 |   1063 |   2 |  711.5 |
               +--------+--------+--------+--------+--------+-----+--------+

Top non-repeatable levels by time:
     D:1: 1104 daAuts
     D:2: 318 daAuts
